 Dungeon Crawl Stone Soup version 0.31-a0-986-g5e6e4ef867 (webtiles) character file.

Game seed: 9523325143726693028

62032 sircluck the Brawler (level 14, 0/121 (127) HPs)
             Began as a Troll Berserker on Nov 13, 2023.
             Was a High Priest of Trog.
             Slain by a sun demon (18 damage)
             ... on level 15 of the Dungeon on Nov 15, 2023.
             The game lasted 00:39:43 (16651 turns).

sircluck the Brawler (Troll Berserker)             Turns: 16651, Time: 00:39:44

HP:   0/121 (127)   AC: 20    Str: 38    XL:     14   Next: 62%
MP:   13/13         EV:  9    Int:  3    God:    Trog [*****.]
Gold: 1491          SH: 22    Dex:  9    Spells: 13/13 levels left

rFire   x .          .
                       - Unarmed
rCold   + + +        N - +2 tower shield {rC+}
rNeg    . . .        k - +2 ice dragon scales
rPois   .            P - +1 hat
rElec   .            a - +1 cloak
rCorr   .            (gloves unavailable)
SInv    .            (boots unavailable)
Will    +....        b - amulet of reflection Stlth
                     R - +6 ring of strength
HPRegen 1.20/turn    t - ring of protection from cold
MPRegen 0.13/turn

%: reflection
@: lightly drained
A: large, unfitting armour, claws 3, regeneration 1, shaggy fur 1, tough skin 1
a: Renounce Religion, Berserk, Trog's Hand, Brothers in Arms


You were on level 15 of the Dungeon.
You worshipped Trog.
Trog was extremely pleased with you.
You visited 2 branches of the dungeon, and saw 16 of its levels.
You also visited: Sewer, Ossuary, Bailey and Ice Cave.

You collected 1491 gold pieces.

Inventory:

Missiles
 q - 101 stones
 r - 29 large rocks
Armour
 a - a +1 cloak (worn)
 k - +2 ice dragon scales (worn)
 N - a +2 tower shield of cold resistance (worn)
 P - a +1 hat (worn)
Jewellery
 b - an amulet of reflection (around neck)
 p - a +6 ring of strength
 t - a ring of protection from cold (right claw)
 M - a ring of ice
 R - a +6 ring of strength (left claw)
 V - a +5 ring of evasion
 Y - a ring of flight
 Z - the amulet of Foolhardiness {RegenMP Fly rC+}
   (You found it on level 14 of the Dungeon)

   [amulet of magic regeneration]

   RegenMP:   It increases your rate of magic regeneration.
   rC+:       It protects you from cold.
   Fly:       It grants you flight.
Wands
 i - a wand of polymorph (5)
 v - a wand of quicksilver (5)
 y - a wand of paralysis (18)
 A - a wand of digging (9)
 E - a wand of iceblast (15)
 S - a wand of mindburst (7)
 U - a wand of flame (37)
Scrolls
 e - a scroll of vulnerability
 f - 4 scrolls of teleportation
 g - a scroll of fear
 h - 5 scrolls of enchant weapon
 j - a scroll of revelation
 m - a scroll of poison
 w - a scroll of blinking
 G - 2 scrolls of immolation
 K - 2 scrolls of identify
Potions
 c - 3 potions of lignification
 d - 5 potions of curing
 l - 3 potions of brilliance
 n - 3 potions of resistance
 o - 3 potions of invisibility
 s - 2 potions of enlightenment
 u - 3 potions of haste
 z - 3 potions of mutation
 C - 3 potions of attraction
 D - 2 potions of berserk rage
 F - 2 potions of might
 H - 2 potions of heal wounds
 J - 2 potions of magic
 L - a potion of ambrosia


   Skills:
 + Level 5.2 Fighting
 + Level 9.9 Armour
 + Level 6.4 Dodging
 + Level 1.5 Stealth
 + Level 11.4 Shields
 + Level 19.7 Unarmed Combat
 + Level 0.3 Evocations


You had 13 spell levels left.
You didn't know any spells.
Your spell library was empty.

Dungeon Overview and Level Annotations

Branches:
Dungeon (15/15)              Lair (1/5) D:8             Orc (0/2) D:10
 Vaults (0/5) D:13         Depths (0/4) D:15          Sewer (visited)
Ossuary (visited)          Bailey (visited)           IceCv (visited)
 Temple: D:4-7

Altars:
Fedhas
Gozag
Hepliaklqana
Kikubaaqudgha
Makhleb
Nemelex Xobeh
Qazlal
Ru
Sif Muna
Uskayaw
Vehumet
Zin

Shops:
D:2 !   D:11 *   D:12 :[

Portals:
Trove: D:10 (give 5 scrolls of fear)

Annotations:
D:14 2 transporters, Qymaymp's ghost, adept GrEE


Innate Abilities, Weirdness & Mutations

You are too large for most types of armour.
You have claws for hands.
Your natural rate of healing is unusually fast.
You are covered in fur. (AC +1)
You have tough skin. (AC +1)


Message History

Unknown command.
Unknown command.
You feel much better.
You feel sick. The sun demon hits you.
You are engulfed in flames!
The fire burns you terribly!
The orc priest hits you with a +1 whip of venom.
You are more poisoned.
The two-headed ogre hits you with a +0 giant club!
The two-headed ogre hits you with a +0 giant club.
The golden eye blinks at you.
You are more confused.
Unknown command.
Unknown command.
Unknown command.
Unknown command.
You feel much better.
You feel very sick. The sun demon hits you.
You are engulfed in flames!!
The fire burns you terribly!
The orc priest hits you with a +1 whip of venom.
* * * LOW HITPOINT WARNING * * *
You are more poisoned.
The tengu conjurer mumbles some strange words.
The tengu conjurer conjures a globe of magical energy!
The golden eye blinks at you. You resist with some effort.
The sun demon hits you.
* * * LOW HITPOINT WARNING * * *
You are engulfed in flames!!
The fire burns you terribly!
* * * LOW HITPOINT WARNING * * *
A battlesphere comes into view.
Unknown command.
Unknown command.
Unknown command.
Unknown command.
You feel better. You block the orc priest's attack.
You block the two-headed ogre's attack.
The two-headed ogre hits you but does no damage.
The sun demon hits you.
* * * LOW HITPOINT WARNING * * *
You are engulfed in flames!!
The fire burns you terribly!
You die...

...***** #...........####**,,,*,
....,* ##.####)........<,,*,*,
..(..#######)####.###.####****,*,
......<...##.####.###.### *,*,
.....####.##.####.###.###*****,*,
.....####.##.###.........,,,,,,*,
##...#.......###......###*******,
##*#.#.#####.###Go*..#.##### *, #
#.#.# ##.###@3Q....#...# *, #
#...# ##.###.Oo..#.....# *, #
#.#.# ##.########[####.* ** #
#.#.#####.#####...#[.⌠#,*
####.#.......#####.#.....#+*****
.....####.########.#.#.Q.#,,,,,**
#########.########.#..#.#'#o*,,*,
..........########.#.....#..,*,**
######..### **,###*#'#...,,*,


You could see a two-headed ogre, a sun demon, a tengu conjurer, an orc priest, a
battlesphere (distracted), a golden eye shaped shifter and an orc.

Vanquished Creatures
  A frost giant (D:13)
  An azure jelly (D:15)
  A very ugly thing (IceCv)
  An ettin (D:15)
  Erolcha (D:13)
  2 hydras
  2 caustic shrike simulacra (IceCv)
  Erica (D:8)
  6 two-headed ogres
  3 centaur warriors (D:14)
  A boulder beetle (Lair:1)
  2 tengu warriors
  A soul eater (D:15)
  Sonja (D:10)
  A deep troll (shapeshifter) (D:14)
  2 bog bodies (IceCv)
  A necromancer (D:14)
  An obsidian statue (IceCv)
  2 orc knights
  A deep troll (D:15)
  A spriggan simulacrum (IceCv)
  4 deep elf pyromancers
  Pikel (D:4)
  3 cyclopes
  3 manticores
  Maurice (D:13)
  3 black mambas (Lair:1)
  2 ugly things (D:11)
  An elephant (Lair:1)
  3 slime creatures (D:14)
  2 rust devils (D:15)
  5 cane toads (Lair:1)
  A gargoyle (D:12)
  A rime drake (D:8)
  2 unseen horrors
  15 freezing wraiths
  6 kobold demonologists
  An efreet (D:14)
  A tengu conjurer (D:15)
  2 anaconda simulacra (IceCv)
  2 ice devils (IceCv)
  6 komodo dragons
  2 golden dragon simulacra (IceCv)
  8 trolls
  3 hellwings (D:15)
  The ghost of THTSBRD the Insei, an amateur DgSh (D:5)
  A polar bear (D:8)
  2 blink frogs (Lair:1)
  5 alligator simulacra (IceCv)
  A hornet (D:11)
  6 wyverns
  A shadow (D:13)
  4 dire elephant simulacra (IceCv)
  3 basilisks
  A wraith (D:12)
  30 yaks
  Grum (D:10)
  2 minotaur simulacra (IceCv)
  2 acid dragons
  2 harpy simulacra (IceCv)
  Duvessa (D:4)
  11 water moccasins
  A hydra simulacrum (IceCv)
  A swamp drake (D:10)
  14 orc warriors
  3 black bears
  4 ice beasts (D:8)
  2 ettin simulacra (IceCv)
  16 wolves
  Pargi (Sewer)
  3 ogres
  9 centaurs
  A lemure (D:4)
  A phantom (D:4)
  Blork the orc (D:4)
  6 kobold brigands
  10 bullfrogs
  9 scorpions
  4 gnoll sergeants
  A deep troll simulacrum (IceCv)
  5 wights (D:6)
  Dowan (D:4)
  6 killer bees (D:9)
  3 lindwurm simulacra (IceCv)
  6 howler monkeys
  A crimson imp (D:10)
  A centaur zombie (Ossuary)
  3 human zombies (Ossuary)
  2 hounds (D:6)
  A jelly (D:4)
  4 orc priests
  An iron imp (D:10)
  4 sleepcaps
  3 scorpion zombies (Ossuary)
  5 iguanas
  7 orc wizards
  Robin (D:2)
  3 mummies (Ossuary)
  10 adders
  20 gnolls
  A shadow imp (D:10)
  A white imp (D:10)
  2 ufetubi (D:6)
  6 worms
  15 dart slugs
  63 orcs
  10 ball pythons
  9 bats
  4 endoplasms
  8 giant cockroaches
  28 goblins
  6 hobgoblins
  3 quokkas (D:3)
  6 frilled lizards
  A gnoll zombie (Ossuary)
  2 goblin zombies (Ossuary)
  A hobgoblin zombie (Ossuary)
  21 kobolds
  A kobold zombie (Ossuary)
  An orc zombie (Ossuary)
  7 rats
555 creatures vanquished.

Vanquished Creatures (collateral kills)
  A lich (IceCv)
  A necromancer (IceCv)
  2 freezing wraiths (IceCv)
4 creatures vanquished.

Vanquished Creatures (others)
  A bog body (IceCv)
  A manticore (D:14)
  A slime creature (D:14)
  A meliai simulacrum (D:14)
  A quokka (D:15)
5 creatures vanquished.

Grand Total: 564 creatures vanquished

Notes
Turn   | Place    | Note
-------+----------+-------------------------------------------
     0 | D:1      | sircluck the Troll Berserker began the quest for the Orb.
     0 | D:1      | Reached XP level 1. HP: 22/22 MP: 0/0
    93 | D:1      | Reached XP level 2. HP: 23/29 MP: 1/1
   219 | D:1      | Reached ** piety under Trog
   443 | D:1      | Reached XP level 3. HP: 36/36 MP: 2/2
   781 | D:2      | Noticed Robin
   827 | D:2      | Killed Robin
   862 | D:3      | Reached XP level 4. HP: 45/45 MP: 3/3
   937 | D:3      | Reached skill level 4 in Unarmed Combat
  1087 | D:3      | Reached *** piety under Trog
  1088 | D:3      | Found a glowing drain.
  1097 | Sewer    | Entered a sewer
  1172 | Sewer    | Noticed Pargi
  1183 | Sewer    | Killed Pargi
  1184 | Sewer    | Reached XP level 5. HP: 53/53 MP: 4/4
  1299 | D:3      | Noticed an ogre
  1308 | D:3      | Killed an ogre
  1309 | D:3      | Reached skill level 5 in Unarmed Combat
  1309 | D:3      | Reached XP level 6. HP: 31/61 MP: 5/5
  1485 | D:3      | Found a sparkling altar of Nemelex Xobeh.
  2020 | D:3      | Found a radiant altar of Vehumet.
  2021 | D:3      | Found a hide-covered altar of Uskayaw.
  2065 | D:2      | Found a burning altar of Makhleb.
  2192 | D:2      | Found Kuivu Baj's Distillery.
  2542 | D:2      | Reached **** piety under Trog
  2671 | D:4      | Noticed Blork the orc
  2681 | D:4      | Killed Blork the orc
  2682 | D:4      | Reached skill level 1 in Armour
  2717 | D:4      | Noticed Pikel
  2720 | D:4      | Reached skill level 6 in Unarmed Combat
  2734 | D:4      | Killed Pikel
  2735 | D:4      | Reached skill level 1 in Shields
  2735 | D:4      | Reached skill level 7 in Unarmed Combat
  2735 | D:4      | Reached XP level 7. HP: 37/67 MP: 6/6
  3078 | D:4      | Reached XP level 8. HP: 64/75 MP: 7/7
  3083 | D:4      | Noticed Duvessa
  3090 | D:4      | Noticed Dowan
  3116 | D:4      | Killed Duvessa
  3135 | D:4      | Killed Dowan
  3622 | D:4      | Found a glowing silver altar of Zin.
  3622 | D:4      | Noticed an angel
  3728 | D:5      | Entered Level 5 of the Dungeon
  3739 | D:5      | Found an opulent altar of Gozag.
  3778 | D:5      | Found a blossoming altar of Fedhas.
  3859 | D:5      | Found a shimmering blue altar of Sif Muna.
  3940 | D:5      | Noticed THTSBRD's ghost (amateur DgSh)
  3943 | D:5      | Found a runed translucent door.
  4011 | D:5      | Reached skill level 8 in Unarmed Combat
  4140 | D:5      | Found a sand-covered staircase.
  4147 | Ossuary  | Entered an ossuary
  4238 | Ossuary  | Reached XP level 9. HP: 83/83 MP: 8/8
  4263 | Ossuary  | Reached skill level 5 in Armour
  4295 | Ossuary  | Reached skill level 9 in Unarmed Combat
  4301 | Ossuary  | Reached ***** piety under Trog
  4355 | Ossuary  | Received a gift from Trog
  4445 | Ossuary  | Identified a scroll of acquirement
  4445 | Ossuary  | Acquired a manual of Unarmed Combat
  4674 | D:5      | Identified the +6 leather armour of the Shifting Gods
                  | {rPois rC+ rN+}
  4914 | D:5      | Killed THTSBRD's ghost
  4982 | D:6      | Reached skill level 10 in Unarmed Combat
  5251 | D:6      | Noticed a two-headed ogre
  5258 | D:6      | Killed a two-headed ogre
  5259 | D:6      | Reached skill level 11 in Unarmed Combat
  5426 | D:6      | Reached XP level 10. HP: 90/92 MP: 9/9
  5446 | D:6      | Reached skill level 1 in Stealth
  5833 | D:6      | Reached skill level 12 in Unarmed Combat
  5952 | D:7      | You fall into a shaft and drop 1 floor!
  6070 | D:8      | Noticed Erica
  6078 | D:8      | Killed Erica
  6079 | D:8      | Reached skill level 13 in Unarmed Combat
  6099 | D:8      | Found a flagged portal.
  6112 | Bailey   | Entered a bailey
  6342 | Bailey   | Identified the +5 crystal plate armour of Evolution {rN+}
  6366 | Bailey   | Noticed an orc knight
  6379 | Bailey   | Killed an orc knight
  6623 | D:8      | Reached skill level 14 in Unarmed Combat
  6665 | D:8      | Reached skill level 5 in Shields
  6673 | D:8      | Reached XP level 11. HP: 89/100 MP: 10/10
  6771 | D:8      | Found a staircase to the Lair.
  6784 | D:10     | Identified the "Jena"
  6784 | IceCv    | Identified the of Caculeuf
  6784 | Lair:1   | Entered Level 1 of the Lair of Beasts
  6823 | Lair:1   | Reached skill level 15 in Unarmed Combat
  7267 | Lair:1   | Reached skill level 5 in Dodging
  7482 | Lair:1   | Reached skill level 16 in Unarmed Combat
  7489 | Lair:1   | Received a gift from Trog
  7745 | Lair:1   | Noticed a six-headed hydra
  7754 | Lair:1   | Killed a ten-headed hydra
  7786 | Lair:1   | Reached XP level 12. HP: 17/109 MP: 11/11
  7943 | Lair:1   | Noticed a boulder beetle
  7963 | Lair:1   | Killed a boulder beetle
  8580 | D:8      | Found an ancient bone altar of Kikubaaqudgha.
  8732 | D:8      | Found a burning altar of Makhleb.
  8744 | D:8      | Found a sacrificial altar of Ru.
  9007 | D:9      | Reached skill level 17 in Unarmed Combat
  9020 | D:9      | Noticed a two-headed ogre
  9050 | D:8      | Killed a two-headed ogre
  9690 | D:10     | Entered Level 10 of the Dungeon
  9690 | D:10     | Found a stormy altar of Qazlal.
  9701 | D:10     | Received a gift from Trog
  9716 | D:10     | Found a portal to a secret trove of treasure.
  9877 | D:10     | Noticed Grum
  9897 | D:10     | Killed Grum
 10061 | D:10     | Noticed a two-headed ogre
 10074 | D:10     | Killed a two-headed ogre
 10578 | D:10     | Found a hazy altar of Hepliaklqana.
 10704 | D:10     | Noticed Sonja
 10727 | D:10     | Killed Sonja
 10728 | D:10     | Reached XP level 13. HP: 44/117 MP: 12/12
 10804 | D:10     | Found a staircase to the Orcish Mines.
 11218 | D:12     | Found Suiddim's Self-Published Books.
 11447 | D:12     | Reached skill level 18 in Unarmed Combat
 11505 | D:11     | Found Tevaka's Overcharged Wands.
 11557 | D:11     | Reached ****** piety under Trog
 12481 | D:13     | Noticed Maurice
 12482 | D:13     | Paralysed by Maurice for 5 turns
 12506 | D:13     | Killed Maurice
 12555 | D:12     | Found Ofukint's Armour Boutique.
 12822 | D:12     | Received a gift from Trog
 12935 | D:13     | Found a radiant altar of Vehumet.
 13113 | D:13     | Noticed Erolcha
 13120 | D:13     | Killed Erolcha
 13250 | D:14     | Identified the amulet of Foolhardiness {RegenMP Fly rC+}
 13548 | D:13     | Found a gate to the Vaults.
 13548 | D:13     | Noticed a frost giant
 13558 | D:13     | Killed a frost giant
 14076 | D:14     | Found a transporter.
 14076 | D:14     | Identified the +5 double sword of Quantum Leap {spect,
                  | Str+5 Dex-2}
 14076 | D:14     | Noticed Qymaymp's ghost (adept GrEE)
 14086 | D:14     | Found a transporter.
 14292 | D:14     | Reached skill level 10 in Shields
 14294 | D:14     | Reached skill level 5 in Fighting
 14626 | D:15     | Entered Level 15 of the Dungeon
 14794 | D:15     | Found a frozen archway.
 14794 | D:15     | Noticed an azure jelly
 14806 | D:15     | Killed an azure jelly
 14807 | D:15     | Reached XP level 14. HP: 127/127 MP: 13/13
 14825 | IceCv    | Entered an ice cave
 14887 | IceCv    | Reached skill level 19 in Unarmed Combat
 15007 | IceCv    | Noticed a white very ugly thing
 15016 | IceCv    | Killed a white very ugly thing
 15172 | IceCv    | Received a gift from Trog
 15286 | IceCv    | Found an ancient bone altar of Kikubaaqudgha.
 15762 | IceCv    | Noticed a lich
 15775 | IceCv    | Killed a lich
 16651 | D:15     | Slain by a sun demon

Illustrated notes

Levels and vault maps discovered:
D:1:      matt_arrival_refuge, layout_basic
D:2:      layout_basic, basic_altar, serial_shops, nicolae_shop_tiny_waterfront,
          serial_bayou_pond_e, chequers_serial_rivers_large_b,
          minmay_misc_feat_encased, uniq_robin
D:3:      kennysheep_slugbush, layout_basic, nemelex_xobeh_ov_fountains_minmay,
          gammafunk_temple_overflow_pools, gup_sewer_entry_bubbles,
          minmay_ogre_servants
D:4:      layout_basic, zin_angel, serial_bayou_ford_a,
          guppyfry_early_lair_pool, uniq_blork_the_orc, uniq_pikel, uniq_duvessa
D:5:      layout_basic, mainiacjoe_overflow_catwalk, lemuel_crystal_altar,
          nicolae_sif_muna_condensation, nicolae_ossuary_entry_monument,
          hellmonk_ghost_happy_afterlife, minivault_24
D:6:      layout_basic, minmay_misc_feat_enclosed
D:7:      layout_loops_ring, nicolae_overflow_hidden_temple,
          lemuel_temple_firewalk_a, nicolae_shop_i_like_big_books,
          amcnicky_mini_rare_corridor_liquid, uniq_menkaure
D:8:      layout_loops_corners, mainiacjoe_overflow_alcove_2,
          amethyst_overflow_temple_binary, hellmonk_lair_entry_icy,
          enter_bailey_3, wad_woods_river_04, uniq_erica
D:9:      layout_roguey [special_room_orc]
D:10:     minmay_skewed_foursquare, layout_small_grid,
          nicolae_qazlal_general_emergency, marbit_many_paths, orc_0_dummy,
          nicolae_trove_entry_crossroad, hangedman_decor_opposing,
          minmay_misc_feat_diagonals, hangedman_minor_magic, uniq_sonja,
          uniq_grum
D:11:     layout_roguey, nicolae_shop_overcharged_wands
D:12:     layout_basic, serial_glass, glass_columns_b, glass_columns_a,
          serial_shops, shop, nicolae_custom_books
D:13:     layout_grid_maze, hellmonk_vaults_attempted_burglary,
          vehumet_crystals, uniq_maurice, uniq_erolcha
D:14:     layout_gridville, chequers_jeans, nzn_ghost_randoct
D:15:     hangedman_depths_entry_civil_slaughter, layout_loops_ring,
          serial_demonic, serial_demonic_g, serial_demonic_e, serial_demonic_a,
          serial_demonic_g, portal_ice_cave_entry_frozen_things,
          elyvilon_altar_4
Lair:1:   layout_cave_pods, nzn_random_ring

Skill      XL: |  1  2  3  4  5  6  7  8  9 10 11 12 13 14 |
---------------+-------------------------------------------+-----
Dodging        | 3 4 5 6 |  6.4
Fighting       | 3 4 5 |  5.2
Unarmed Combat | 4 5 7 8 11 14 16 17 18 19 | 19.7
Armour         | 2 3 4 5 6 7 8 9 |  9.9
Shields        | 1 2 5 7 8 10 11 | 11.4
Stealth        | 1 |  1.5
Evocations     | |  0.3

Action                     |  1- 3 |  4- 6 |  7- 9 | 10-12 | 13-15 || total
---------------------------+-------+-------+-------+-------+-------++-------
  Melee: Unarmed           |    82 |   166 |   272 |   675 |   474 ||  1669
         Punch             |     1 |     2 |     8 |       |       ||    11
 Invoke: Berserk           |       |       |       |     4 |     4 ||     8
         Brothers in Arms  |       |       |       |       |     2 ||     2
  Evoke: Wand              |       |       |       |       |     3 ||     3
    Use: Scroll            |       |       |    20 |     1 |    12 ||    33
         Potion            |       |       |     1 |     2 |     6 ||     9
 Armour: Animal skin       |    57 |    27 |       |     7 |       ||    91
         Ice dragon scales |       |    79 |   178 |   313 |   307 ||   877
  Dodge: Dodged            |    50 |    57 |    90 |    92 |    82 ||   371
  Block: Other             |       |    30 |    45 |       |       ||    75
         Reflection        |       |       |     3 |    22 |    28 ||    53
         Kite shield       |       |       |    11 |    70 |       ||    81
         Tower shield      |       |       |       |   520 |   499 ||  1019

Table legend: (Time is in decaauts)
 A = Elapsed time spent in this place.
 B = Non-inter-level travel time spent in this place.
 C = Inter-level travel time spent in this place.
 D = Time resting spent in this place.
 E = Time spent auto-exploring this place.
 F = Levels seen in this place.
 G = Mean time per level.
                   A        B        C        D        E       F      G
               +--------+--------+--------+--------+--------+-----+--------+
         Total |  16525 |  16097 |    428 |   2334 |   8570 |  20 |  826.2 |
       Dungeon |  12497 |  12094 |    403 |   1106 |   7256 |  15 |  833.1 |
          Lair |   1586 |   1561 |     25 |    243 |    802 |   1 | 1586.0 |
         Sewer |    142 |    142 |      0 |      0 |     72 |   1 |  142.0 |
       Ossuary |    519 |    519 |      0 |    172 |    157 |   1 |  519.0 |
        Bailey |    386 |    386 |      0 |     55 |    137 |   1 |  386.0 |
      Ice Cave |   1392 |   1392 |      0 |    757 |    146 |   1 | 1392.0 |
               +--------+--------+--------+--------+--------+-----+--------+

Top non-repeatable levels by time:
  Lair:1: 1586 daAuts
   IceCv: 1392 daAuts
    D:10: 1291 daAuts
    D:14: 1266 daAuts
     D:3: 1075 daAuts
     D:4: 1063 daAuts
     D:8: 1044 daAuts
    D:12: 891 daAuts
     D:6: 871 daAuts
    D:13: 864 daAuts
    D:11: 812 daAuts
     D:9: 807 daAuts
     D:1: 777 daAuts
     D:5: 743 daAuts
     D:2: 638 daAuts
